[ PARTIDA AOE2 · #476425705 ]
UnrankedBereberes vs Muisca
[ ANÁLISIS DE REPETICIÓN · EXTRAÍDO DE LA PARTIDA GRABADA ]
Feudal
11:46
Castillos
15:22
Imperial
30:31
| APM promedio | 52.1 |
| APM pico | 106 |
| eAPM promedio | 20.6 |
| Aldeanos / militares | 130 / 80 |
Foco
⚔️ 44.1% · 🌾 55.9%
Scout Cavalry ×52 · Camel Archer ×26 · Bombard Cannon ×2
Feudal
—
Castillos
—
Imperial
—
| APM promedio | 42.1 |
| APM pico | 114 |
| eAPM promedio | 25.3 |
| Aldeanos / militares | 183 / 315 |
Foco
⚔️ 29.6% · 🌾 70.4%
Petard ×196 · Skirmisher ×91 · Battering Ram ×18 · Trebuchet (Packed) ×9 · Monk ×1
Feudal
10:57
Castillos
14:38
Imperial
38:38
| APM promedio | 63.1 |
| APM pico | 120 |
| eAPM promedio | 30.8 |
| Aldeanos / militares | 176 / 42 |
Foco
⚔️ 33.4% · 🌾 66.6%
Hand Cannoneer ×27 · Monk ×9 · Bombard Cannon ×5 · Mangonel ×1
Feudal
10:20
Castillos
14:03
Imperial
28:18
| APM promedio | 53.7 |
| APM pico | 111 |
| eAPM promedio | 29.7 |
| Aldeanos / militares | 137 / 90 |
Foco
⚔️ 37.3% · 🌾 62.7%
Chu Ko Nu ×73 · Battering Ram ×11 · Trebuchet (Packed) ×4 · Monk ×1 · Scorpion ×1
Feudal
10:55
Castillos
14:25
Imperial
27:51
| APM promedio | 42.5 |
| APM pico | 79 |
| eAPM promedio | 28.9 |
| Aldeanos / militares | 168 / 313 |
Foco
⚔️ 36.8% · 🌾 63.2%
Skirmisher ×146 · Berserk ×117 · Archer ×44 · Battering Ram ×5 · Petard ×1
Feudal
10:33
Castillos
14:10
Imperial
28:31
| APM promedio | 36.8 |
| APM pico | 85 |
| eAPM promedio | 22.0 |
| Aldeanos / militares | 201 / 143 |
Foco
⚔️ 27.9% · 🌾 72.1%
Spearman ×107 · Mangonel ×18 · Battering Ram ×18
Feudal
9:42
Castillos
13:15
Imperial
37:10
| APM promedio | 102.0 |
| APM pico | 212 |
| eAPM promedio | 58.8 |
| Aldeanos / militares | 143 / 54 |
Foco
⚔️ 64.6% · 🌾 35.4%
Shrivamsha Rider ×36 · Monk ×12 · Armored Elephant ×6
Feudal
11:00
Castillos
14:43
Imperial
—
| APM promedio | 29.1 |
| APM pico | 65 |
| eAPM promedio | 13.4 |
| Aldeanos / militares | 80 / 64 |
Foco
⚔️ 30.8% · 🌾 69.2%
Militia ×32 · Elephant Archer ×21 · Archer ×4 · Urumi Swordsman ×3 · Armored Elephant ×3 · Mangonel ×1
Mapa de la partida
Recursos iniciales + cada clic de construcción. Líneas = muros · curvas = relieve. ◆ oro · ⬟ piedra · ● bayas · ✦ reliquia · ◌ hueco del cierre
Tu base· ✓ Cerrada en 15:22 · 0t muro · 2 puerta(s)
Base de HousedAt15· ✓ Cerrada en 11:45 · 0t muro · 2 puerta(s)
Base de JB· ✓ Cerrada en 14:38 · 0t muro · 2 puerta(s)
Base de OM4R7· ✓ Cerrada en 14:03 · 0t muro · 2 puerta(s)
Base de Kinder· ✓ Cerrada en 14:25 · 0t muro · 2 puerta(s)
Base de Vpnenjoyer· ✓ Cerrada en 14:10 · 0t muro · 2 puerta(s)
Base de VIT | Hera· ✓ Cerrada en 13:15 · 0t muro · 3 puerta(s)
Base de 明征北大将军· ✓ Cerrada en 14:43 · 0t muro · 2 puerta(s)
Terreno inicial suavizado · ◌ = hueco del cierre detectado · pasá el cursor para detalles
Inputs por minuto
— 六六六 - - HousedAt15
Build order — 六六六
Primeras 150 de 349 acciones detectadas
| 0:01 | Crear | Villager (Male) |
| 0:01 | Crear | Villager (Male) |
| 0:02 | Construir | House |
| 0:03 | Construir | House |
| 0:16 | Crear | Villager (Male) |
| 0:16 | Crear | Villager (Male) |
| 0:16 | Crear | Villager (Male) |
| 1:29 | Crear | Villager (Male) |
| 1:29 | Crear | Villager (Male) |
| 1:47 | Construir | Lumber Camp |
| 1:57 | Crear | Villager (Male) |
| 1:57 | Crear | Villager (Male) |
| 2:22 | Crear | Villager (Male) |
| 2:22 | Crear | Villager (Male) |
| 2:22 | Crear | Villager (Male) |
| 2:40 | Crear | Villager (Male) |
| 3:09 | Construir | House |
| 3:16 | Crear | Villager (Male) |
| 3:16 | Crear | Villager (Male) |
| 3:16 | Crear | Villager (Male) |
| 3:41 | Crear | Villager (Male) |
| 3:41 | Crear | Villager (Male) |
| 4:06 | Construir | House |
| 4:27 | Crear | Villager (Male) |
| 4:27 | Crear | Villager (Male) |
| 4:27 | Crear | Villager (Male) |
| 4:27 | Crear | Villager (Male) |
| 4:28 | Crear | Villager (Male) |
| 4:47 | Crear | Villager (Male) |
| 4:47 | Crear | Villager (Male) |
| 5:16 | Construir | Mill |
| 5:36 | Crear | Villager (Male) |
| 5:36 | Crear | Villager (Male) |
| 5:36 | Crear | Villager (Male) |
| 5:52 | Crear | Villager (Male) |
| 5:52 | Crear | Villager (Male) |
| 6:10 | Crear | Villager (Male) |
| 6:36 | Crear | Villager (Male) |
| 6:37 | Crear | Villager (Male) |
| 6:37 | Crear | Villager (Male) |
| 6:37 | Crear | Villager (Male) |
| 7:07 | Construir | House |
| 7:14 | Crear | Villager (Male) |
| 7:14 | Crear | Villager (Male) |
| 7:14 | Crear | Villager (Male) |
| 7:19 | Construir | Farm |
| 7:37 | Crear | Villager (Male) |
| 7:38 | Crear | Villager (Male) |
| 8:03 | Construir | Farm |
| 8:06 | Crear | Villager (Male) |
| 9:15 | Investigar | Feudal Age |
| 9:21 | Construir | Farm |
| 9:44 | Construir | Farm |
| 10:22 | Construir | Barracks |
| 11:20 | Construir | House |
| 11:36 | Crear | Villager (Male) |
| 11:46 | Edad | Edad Feudal |
| 11:48 | Construir | Stable |
| 11:50 | Construir | Blacksmith |
| 11:52 | Crear | Villager (Male) |
| 12:07 | Investigar | Double-Bit Axe |
| 12:37 | Construir | Lumber Camp |
| 12:39 | Crear | Scout Cavalry |
| 12:42 | Investigar | Castle Age |
| 13:03 | Investigar | Horse Collar |
| 13:29 | Crear | Scout Cavalry |
| 13:51 | Crear | Villager (Male) |
| 14:24 | Crear | Scout Cavalry |
| 14:31 | Construir | Farm |
| 14:33 | Construir | Farm |
| 14:43 | Construir | Farm |
| 14:44 | Construir | Farm |
| 15:03 | Crear | Villager (Male) |
| 15:22 | Edad | Edad de los Castillos |
| 15:33 | Crear | Villager (Male) |
| 15:37 | Construir | Town Center |
| 15:39 | Construir | Farm |
| 15:41 | Construir | Farm |
| 15:41 | Construir | Farm |
| 15:48 | Construir | Farm |
| 15:49 | Crear | Villager (Male) |
| 15:52 | Construir | Town Center |
| 16:03 | Construir | Farm |
| 16:07 | Crear | Villager (Male) |
| 16:12 | Construir | House |
| 16:15 | Investigar | Wheelbarrow |
| 16:40 | Construir | Farm |
| 17:01 | Construir | Farm |
| 17:14 | Investigar | Forging |
| 17:14 | Investigar | Forging |
| 17:42 | Crear | Villager (Male) |
| 17:44 | Crear | Villager (Male) |
| 17:53 | Construir | Farm |
| 17:54 | Construir | Farm |
| 17:55 | Construir | Farm |
| 18:05 | Crear | Scout Cavalry |
| 18:07 | Crear | Scout Cavalry |
| 18:08 | Crear | Villager (Male) |
| 18:09 | Crear | Villager (Male) |
| 18:29 | Crear | Villager (Male) |
| 18:45 | Crear | Villager (Male) |
| 19:13 | Construir | Farm |
| 19:14 | Construir | Farm |
| 19:16 | Investigar | Light Cavalry (upgrade) |
| 19:33 | Crear | Villager (Male) |
| 19:34 | Crear | Villager (Male) |
| 19:34 | Crear | Villager (Male) |
| 19:37 | Construir | Farm |
| 19:39 | Construir | Farm |
| 19:40 | Construir | Farm |
| 19:41 | Construir | Farm |
| 19:43 | Crear | Villager (Male) |
| 20:14 | Crear | Villager (Male) |
| 20:14 | Crear | Villager (Male) |
| 20:14 | Crear | Villager (Male) |
| 20:22 | Crear | Scout Cavalry |
| 20:23 | Crear | Scout Cavalry |
| 20:23 | Crear | Scout Cavalry |
| 20:24 | Crear | Scout Cavalry |
| 20:34 | Crear | Villager (Male) |
| 20:35 | Crear | Villager (Male) |
| 20:39 | Construir | Farm |
| 20:43 | Construir | Farm |
| 20:45 | Construir | Monastery |
| 20:50 | Construir | Farm |
| 20:54 | Crear | Villager (Male) |
| 21:02 | Crear | Scout Cavalry |
| 21:10 | Crear | Villager (Male) |
| 21:14 | Construir | House |
| 21:15 | Construir | House |
| 21:47 | Crear | Villager (Male) |
| 21:51 | Investigar | Devotion |
| 21:53 | Crear | Scout Cavalry |
| 21:53 | Crear | Scout Cavalry |
| 22:10 | Crear | Villager (Male) |
| 22:16 | Construir | House |
| 22:17 | Construir | House |
| 22:19 | Crear | Villager (Male) |
| 22:21 | Crear | Villager (Male) |
| 22:23 | Crear | Villager (Male) |
| 22:37 | Investigar | Husbandry |
| 22:37 | Investigar | Husbandry |
| 22:57 | Crear | Villager (Male) |
| 22:57 | Crear | Villager (Male) |
| 22:57 | Crear | Villager (Male) |
| 23:01 | Crear | Villager (Male) |
| 23:01 | Crear | Villager (Male) |
| 23:09 | Crear | Villager (Male) |
| 23:10 | Construir | Farm |
| 23:11 | Crear | Scout Cavalry |
Build order — HousedAt15
Primeras 150 de 448 acciones detectadas
| 0:01 | Crear | Villager (Male) |
| 0:02 | Crear | Villager (Male) |
| 0:02 | Crear | Villager (Male) |
| 0:02 | Crear | Villager (Male) |
| 0:02 | Crear | Villager (Male) |
| 0:04 | Construir | House |
| 0:06 | Construir | House |
| 1:21 | Crear | Villager (Male) |
| 1:22 | Crear | Villager (Male) |
| 1:57 | Crear | Villager (Male) |
| 1:58 | Crear | Villager (Male) |
| 2:01 | Construir | Settlement |
| 2:21 | Crear | Villager (Male) |
| 2:53 | Crear | Villager (Male) |
| 2:53 | Crear | Villager (Male) |
| 3:24 | Crear | Villager (Male) |
| 3:24 | Crear | Villager (Male) |
| 3:44 | Crear | Villager (Male) |
| 3:59 | Crear | Villager (Male) |
| 4:22 | Crear | Villager (Male) |
| 4:22 | Crear | Villager (Male) |
| 4:34 | Crear | Villager (Male) |
| 4:59 | Crear | Villager (Male) |
| 5:28 | Crear | Villager (Male) |
| 5:38 | Construir | Settlement |
| 5:40 | Crear | Villager (Male) |
| 5:43 | Crear | Villager (Male) |
| 6:05 | Crear | Villager (Male) |
| 6:17 | Crear | Villager (Male) |
| 6:36 | Crear | Villager (Male) |
| 7:03 | Crear | Villager (Male) |
| 7:03 | Crear | Villager (Male) |
| 7:16 | Construir | Settlement |
| 7:21 | Crear | Villager (Male) |
| 7:37 | Crear | Villager (Male) |
| 7:48 | Construir | Farm |
| 7:51 | Construir | Farm |
| 8:27 | Investigar | Feudal Age |
| 9:52 | Crear | Villager (Male) |
| 9:52 | Crear | Villager (Male) |
| 10:58 | Construir | Market |
| 11:00 | Construir | Blacksmith |
| 11:45 | Investigar | Castle Age |
| 12:04 | Investigar | Horse Collar |
| 12:07 | Investigar | Double-Bit Axe |
| 12:20 | Investigar | Horse Collar |
| 12:51 | Construir | House |
| 13:15 | Construir | Farm |
| 13:16 | Construir | Farm |
| 13:18 | Construir | Farm |
| 13:20 | Construir | Farm |
| 13:21 | Construir | Farm |
| 13:25 | Construir | Farm |
| 13:29 | Crear | Villager (Male) |
| 14:28 | Construir | Town Center |
| 14:28 | Crear | Villager (Male) |
| 14:30 | Crear | Villager (Male) |
| 14:36 | Construir | Town Center |
| 14:41 | Investigar | Heavy Plow |
| 14:41 | Investigar | Heavy Plow |
| 14:45 | Investigar | Bow Saw |
| 14:46 | Investigar | Bow Saw |
| 14:53 | Crear | Villager (Male) |
| 14:58 | Construir | Farm |
| 15:11 | Crear | Villager (Male) |
| 15:16 | Construir | Farm |
| 15:18 | Construir | Farm |
| 15:21 | Construir | Farm |
| 15:45 | Crear | Villager (Male) |
| 15:55 | Crear | Villager (Male) |
| 15:59 | Crear | Villager (Male) |
| 15:59 | Crear | Villager (Male) |
| 15:59 | Crear | Villager (Male) |
| 16:01 | Construir | Farm |
| 16:01 | Construir | Farm |
| 16:02 | Construir | Farm |
| 16:02 | Construir | Farm |
| 16:03 | Crear | Villager (Male) |
| 16:13 | Crear | Villager (Male) |
| 16:14 | Crear | Villager (Male) |
| 16:28 | Construir | Farm |
| 16:28 | Construir | Farm |
| 16:28 | Construir | Farm |
| 16:28 | Construir | Farm |
| 16:29 | Crear | Villager (Male) |
| 16:40 | Crear | Villager (Male) |
| 16:40 | Crear | Villager (Male) |
| 16:44 | Construir | Farm |
| 16:50 | Construir | Farm |
| 16:52 | Crear | Villager (Male) |
| 16:53 | Crear | Villager (Male) |
| 17:00 | Crear | Villager (Male) |
| 17:04 | Crear | Villager (Male) |
| 17:04 | Crear | Villager (Male) |
| 17:05 | Crear | Villager (Male) |
| 17:09 | Construir | Farm |
| 17:11 | Construir | Farm |
| 17:13 | Crear | Villager (Male) |
| 17:20 | Crear | Villager (Male) |
| 17:21 | Crear | Villager (Male) |
| 17:28 | Construir | Farm |
| 17:29 | Crear | Villager (Male) |
| 17:31 | Construir | Farm |
| 17:35 | Crear | Villager (Male) |
| 17:35 | Crear | Villager (Male) |
| 17:43 | Crear | Villager (Male) |
| 17:44 | Crear | Villager (Male) |
| 17:47 | Construir | Farm |
| 17:53 | Construir | House |
| 17:58 | Crear | Villager (Male) |
| 18:01 | Construir | House |
| 18:02 | Construir | House |
| 18:06 | Investigar | Wheelbarrow |
| 18:07 | Investigar | Wheelbarrow |
| 18:11 | Construir | Farm |
| 18:15 | Construir | Farm |
| 18:15 | Crear | Villager (Male) |
| 18:18 | Crear | Villager (Male) |
| 18:18 | Crear | Villager (Male) |
| 18:24 | Crear | Villager (Male) |
| 18:24 | Crear | Villager (Male) |
| 18:29 | Crear | Villager (Male) |
| 18:29 | Crear | Villager (Male) |
| 18:35 | Crear | Villager (Male) |
| 18:58 | Construir | Town Center |
| 18:59 | Crear | Villager (Male) |
| 19:00 | Crear | Villager (Male) |
| 19:01 | Crear | Villager (Male) |
| 19:01 | Crear | Villager (Male) |
| 19:08 | Construir | House |
| 19:09 | Crear | Villager (Male) |
| 19:13 | Crear | Villager (Male) |
| 19:16 | Crear | Villager (Male) |
| 19:21 | Construir | Farm |
| 19:22 | Crear | Villager (Male) |
| 19:35 | Crear | Villager (Male) |
| 19:40 | Investigar | Hand Cart |
| 19:40 | Investigar | Hand Cart |
| 19:48 | Construir | Farm |
| 19:49 | Crear | Villager (Male) |
| 19:49 | Crear | Villager (Male) |
| 19:52 | Crear | Villager (Male) |
| 19:52 | Crear | Villager (Male) |
| 19:55 | Construir | House |
| 19:56 | Construir | House |
| 19:57 | Crear | Villager (Male) |
| 19:57 | Crear | Villager (Male) |
| 20:06 | Crear | Villager (Male) |
| 20:13 | Construir | Farm |
| 20:13 | Crear | Villager (Male) |
Build order — JB
Primeras 150 de 377 acciones detectadas
| 0:02 | Crear | Villager (Male) |
| 0:02 | Crear | Villager (Male) |
| 0:03 | Construir | House |
| 0:04 | Construir | House |
| 0:13 | Crear | Villager (Male) |
| 0:13 | Crear | Villager (Male) |
| 0:14 | Crear | Villager (Male) |
| 1:33 | Crear | Villager (Male) |
| 1:34 | Crear | Villager (Male) |
| 1:44 | Crear | Villager (Male) |
| 1:47 | Construir | Lumber Camp |
| 2:08 | Crear | Villager (Male) |
| 2:08 | Crear | Villager (Male) |
| 2:30 | Crear | Villager (Male) |
| 2:42 | Crear | Villager (Male) |
| 2:42 | Crear | Villager (Male) |
| 3:19 | Crear | Villager (Male) |
| 3:40 | Crear | Villager (Male) |
| 3:41 | Crear | Villager (Male) |
| 3:51 | Construir | House |
| 3:51 | Construir | House |
| 3:59 | Crear | Villager (Male) |
| 4:00 | Crear | Villager (Male) |
| 4:14 | Construir | Mill |
| 4:29 | Crear | Villager (Male) |
| 4:29 | Crear | Villager (Male) |
| 4:47 | Crear | Villager (Male) |
| 4:56 | Crear | Villager (Male) |
| 5:16 | Crear | Villager (Male) |
| 5:16 | Crear | Villager (Male) |
| 5:55 | Crear | Villager (Male) |
| 5:55 | Crear | Villager (Male) |
| 5:59 | Crear | Villager (Male) |
| 5:59 | Crear | Villager (Male) |
| 6:05 | Construir | Farm |
| 6:09 | Construir | Farm |
| 6:23 | Crear | Villager (Male) |
| 6:47 | Construir | Lumber Camp |
| 7:15 | Crear | Villager (Male) |
| 8:07 | Investigar | Feudal Age |
| 8:08 | Investigar | Feudal Age |
| 8:26 | Construir | Mining Camp |
| 8:31 | Construir | House |
| 10:30 | Crear | Villager (Male) |
| 10:30 | Crear | Villager (Male) |
| 10:57 | Edad | Edad Feudal |
| 11:01 | Construir | Market |
| 11:03 | Construir | Blacksmith |
| 11:58 | Investigar | Castle Age |
| 11:58 | Investigar | Castle Age |
| 12:08 | Investigar | Double-Bit Axe |
| 12:19 | Construir | House |
| 12:28 | Construir | Farm |
| 12:34 | Construir | Farm |
| 12:51 | Construir | Farm |
| 12:59 | Construir | Farm |
| 13:03 | Crear | Villager (Male) |
| 13:34 | Construir | Outpost |
| 13:43 | Crear | Villager (Male) |
| 14:21 | Construir | Mining Camp |
| 14:22 | Crear | Villager (Male) |
| 14:38 | Edad | Edad de los Castillos |
| 14:38 | Construir | Stone Wall |
| 14:41 | Construir | Stone Wall |
| 14:45 | Investigar | Loom |
| 14:49 | Construir | Siege Workshop |
| 15:05 | Construir | Monastery |
| 15:07 | Crear | Villager (Male) |
| 15:13 | Crear | Villager (Male) |
| 15:23 | Crear | Mangonel |
| 15:25 | Crear | Villager (Male) |
| 15:27 | Crear | Villager (Male) |
| 15:35 | Construir | Farm |
| 15:41 | Crear | Villager (Male) |
| 15:42 | Crear | Monk |
| 15:59 | Construir | Watch Tower |
| 16:07 | Crear | Monk |
| 16:08 | Crear | Villager (Male) |
| 16:20 | Crear | Villager (Male) |
| 16:31 | Construir | Watch Tower |
| 16:45 | Investigar | Atonement |
| 16:45 | Investigar | Atonement |
| 16:46 | Crear | Villager (Male) |
| 16:49 | Construir | Monastery |
| 16:51 | Crear | Villager (Male) |
| 16:56 | Construir | Farm |
| 16:58 | Crear | Villager (Male) |
| 17:21 | Construir | Farm |
| 17:26 | Crear | Monk |
| 17:31 | Crear | Villager (Male) |
| 17:44 | Construir | House |
| 17:45 | Construir | House |
| 18:01 | Crear | Villager (Male) |
| 18:02 | Crear | Monk |
| 18:27 | Crear | Monk |
| 18:36 | Crear | Villager (Male) |
| 18:50 | Crear | Villager (Male) |
| 19:08 | Construir | Gate |
| 19:42 | Construir | Monastery |
| 20:10 | Crear | Monk |
| 20:11 | Crear | Monk |
| 20:18 | Construir | Town Center |
| 20:55 | Crear | Monk |
| 21:01 | Construir | Watch Tower |
| 21:19 | Construir | Farm |
| 21:43 | Crear | Monk |
| 21:45 | Crear | Villager (Male) |
| 21:45 | Crear | Villager (Male) |
| 21:51 | Construir | Farm |
| 22:04 | Crear | Villager (Male) |
| 22:04 | Crear | Villager (Male) |
| 22:10 | Crear | Villager (Male) |
| 22:11 | Crear | Villager (Male) |
| 22:11 | Crear | Villager (Male) |
| 22:14 | Construir | Farm |
| 22:38 | Crear | Villager (Male) |
| 22:39 | Crear | Villager (Male) |
| 22:46 | Construir | Gate |
| 23:03 | Crear | Villager (Male) |
| 23:03 | Crear | Villager (Male) |
| 23:04 | Crear | Villager (Male) |
| 23:15 | Crear | Villager (Male) |
| 23:17 | Construir | Town Center |
| 23:36 | Investigar | Horse Collar |
| 23:36 | Investigar | Horse Collar |
| 23:37 | Crear | Villager (Male) |
| 23:37 | Crear | Villager (Male) |
| 23:47 | Crear | Villager (Male) |
| 23:47 | Crear | Villager (Male) |
| 24:00 | Crear | Villager (Male) |
| 24:00 | Crear | Villager (Male) |
| 24:23 | Construir | Farm |
| 24:25 | Construir | Farm |
| 24:27 | Construir | Farm |
| 24:28 | Crear | Villager (Male) |
| 24:28 | Crear | Villager (Male) |
| 24:44 | Construir | Farm |
| 24:54 | Crear | Villager (Male) |
| 24:54 | Crear | Villager (Male) |
| 25:26 | Crear | Villager (Male) |
| 25:26 | Crear | Villager (Male) |
| 25:27 | Crear | Villager (Male) |
| 25:33 | Crear | Villager (Male) |
| 25:34 | Crear | Villager (Male) |
| 25:34 | Crear | Villager (Male) |
| 25:37 | Construir | Farm |
| 25:38 | Construir | Farm |
| 25:38 | Construir | Farm |
| 25:39 | Construir | Farm |
| 25:53 | Crear | Villager (Male) |
Build order — OM4R7
Primeras 150 de 378 acciones detectadas
| 0:05 | Construir | House |
| 0:55 | Crear | Villager (Male) |
| 0:55 | Crear | Villager (Male) |
| 1:30 | Crear | Villager (Male) |
| 1:30 | Crear | Villager (Male) |
| 1:48 | Crear | Villager (Male) |
| 1:48 | Crear | Villager (Male) |
| 1:57 | Construir | Lumber Camp |
| 2:07 | Crear | Villager (Male) |
| 2:33 | Crear | Villager (Male) |
| 2:58 | Crear | Villager (Male) |
| 2:58 | Crear | Villager (Male) |
| 3:17 | Crear | Villager (Male) |
| 3:19 | Crear | Villager (Male) |
| 3:39 | Crear | Villager (Male) |
| 4:04 | Crear | Villager (Male) |
| 4:21 | Crear | Villager (Male) |
| 4:48 | Crear | Villager (Male) |
| 4:56 | Construir | Mill |
| 5:00 | Crear | Villager (Male) |
| 5:02 | Crear | Villager (Male) |
| 5:07 | Crear | Villager (Male) |
| 5:24 | Crear | Villager (Male) |
| 5:49 | Construir | House |
| 5:52 | Crear | Villager (Male) |
| 5:59 | Construir | Farm |
| 6:07 | Crear | Villager (Male) |
| 6:16 | Construir | Farm |
| 6:23 | Crear | Villager (Male) |
| 6:46 | Crear | Villager (Male) |
| 6:59 | Construir | House |
| 7:48 | Construir | Mining Camp |
| 8:06 | Investigar | Feudal Age |
| 9:45 | Crear | Villager (Male) |
| 9:45 | Crear | Villager (Male) |
| 10:20 | Edad | Edad Feudal |
| 10:25 | Construir | Market |
| 10:26 | Construir | Blacksmith |
| 10:52 | Investigar | Double-Bit Axe |
| 10:52 | Investigar | Horse Collar |
| 11:23 | Investigar | Castle Age |
| 11:44 | Investigar | Double-Bit Axe |
| 11:44 | Investigar | Double-Bit Axe |
| 12:13 | Investigar | Horse Collar |
| 12:51 | Construir | Farm |
| 12:52 | Construir | Farm |
| 13:14 | Construir | Farm |
| 13:17 | Construir | Farm |
| 14:03 | Edad | Edad de los Castillos |
| 14:07 | Construir | Town Center |
| 14:09 | Crear | Villager (Male) |
| 14:16 | Crear | Villager (Male) |
| 14:23 | Crear | Villager (Male) |
| 14:32 | Crear | Villager (Male) |
| 14:44 | Crear | Villager (Male) |
| 14:50 | Crear | Villager (Male) |
| 14:55 | Construir | Outpost |
| 14:59 | Investigar | Town Watch |
| 15:00 | Investigar | Bow Saw |
| 15:00 | Investigar | Heavy Plow |
| 15:01 | Investigar | Heavy Plow |
| 15:31 | Crear | Villager (Male) |
| 15:37 | Crear | Villager (Male) |
| 15:41 | Crear | Villager (Male) |
| 15:41 | Crear | Villager (Male) |
| 15:55 | Construir | Town Center |
| 15:58 | Crear | Villager (Male) |
| 16:02 | Construir | Town Center |
| 16:07 | Construir | Town Center |
| 16:14 | Crear | Villager (Male) |
| 16:18 | Construir | Outpost |
| 16:30 | Crear | Villager (Male) |
| 16:50 | Crear | Villager (Male) |
| 16:51 | Crear | Villager (Male) |
| 16:53 | Construir | Farm |
| 16:55 | Construir | Farm |
| 17:02 | Crear | Villager (Male) |
| 17:03 | Crear | Villager (Male) |
| 17:08 | Construir | Farm |
| 17:18 | Construir | Farm |
| 17:22 | Crear | Villager (Male) |
| 17:25 | Crear | Villager (Male) |
| 17:25 | Crear | Villager (Male) |
| 17:44 | Crear | Villager (Male) |
| 17:46 | Crear | Villager (Male) |
| 17:51 | Construir | Farm |
| 17:53 | Construir | Farm |
| 17:53 | Crear | Villager (Male) |
| 17:57 | Construir | Farm |
| 17:57 | Construir | Farm |
| 18:01 | Construir | Farm |
| 18:02 | Construir | Farm |
| 18:02 | Construir | Farm |
| 18:05 | Crear | Villager (Male) |
| 18:05 | Crear | Villager (Male) |
| 18:15 | Crear | Villager (Male) |
| 18:25 | Construir | Farm |
| 18:30 | Construir | House |
| 18:31 | Crear | Villager (Male) |
| 18:34 | Construir | Farm |
| 18:35 | Construir | Farm |
| 18:36 | Construir | Farm |
| 18:39 | Construir | Farm |
| 18:42 | Construir | Farm |
| 18:42 | Construir | Farm |
| 18:45 | Crear | Villager (Male) |
| 18:50 | Crear | Villager (Male) |
| 18:51 | Crear | Villager (Male) |
| 19:02 | Construir | Farm |
| 19:03 | Crear | Villager (Male) |
| 19:06 | Construir | House |
| 19:07 | Construir | House |
| 19:16 | Construir | Farm |
| 19:17 | Construir | Farm |
| 19:18 | Crear | Villager (Male) |
| 19:23 | Crear | Villager (Male) |
| 19:26 | Crear | Villager (Male) |
| 19:26 | Crear | Villager (Male) |
| 19:36 | Crear | Villager (Male) |
| 19:43 | Construir | Farm |
| 19:44 | Construir | Farm |
| 19:53 | Construir | Farm |
| 19:54 | Crear | Villager (Male) |
| 19:55 | Construir | Farm |
| 19:57 | Crear | Villager (Male) |
| 20:00 | Construir | Farm |
| 20:01 | Crear | Villager (Male) |
| 20:03 | Construir | House |
| 20:04 | Crear | Villager (Male) |
| 20:07 | Construir | Farm |
| 20:09 | Construir | Farm |
| 20:10 | Construir | Farm |
| 20:15 | Crear | Villager (Male) |
| 20:16 | Crear | Villager (Male) |
| 20:19 | Crear | Villager (Male) |
| 20:19 | Crear | Villager (Male) |
| 20:27 | Investigar | Wheelbarrow |
| 20:37 | Crear | Villager (Male) |
| 20:46 | Crear | Villager (Male) |
| 20:49 | Construir | House |
| 20:50 | Crear | Villager (Male) |
| 20:51 | Crear | Villager (Male) |
| 20:53 | Construir | Mining Camp |
| 20:54 | Crear | Villager (Male) |
| 20:57 | Crear | Villager (Male) |
| 20:57 | Crear | Villager (Male) |
| 21:26 | Crear | Villager (Male) |
| 21:30 | Construir | Monastery |
| 21:50 | Construir | House |
| 21:50 | Crear | Villager (Male) |
Build order — Kinder
Primeras 150 de 574 acciones detectadas
| 0:00 | Crear | Villager (Male) |
| 0:00 | Crear | Villager (Male) |
| 0:01 | Crear | Villager (Male) |
| 0:02 | Construir | House |
| 0:04 | Construir | House |
| 0:08 | Crear | Villager (Male) |
| 1:28 | Crear | Villager (Male) |
| 1:28 | Crear | Villager (Male) |
| 1:54 | Construir | Lumber Camp |
| 1:59 | Crear | Villager (Male) |
| 1:59 | Crear | Villager (Male) |
| 2:18 | Crear | Villager (Male) |
| 2:19 | Crear | Villager (Male) |
| 2:47 | Crear | Villager (Male) |
| 2:47 | Crear | Villager (Male) |
| 3:04 | Crear | Villager (Male) |
| 3:36 | Crear | Villager (Male) |
| 3:36 | Crear | Villager (Male) |
| 3:53 | Crear | Villager (Male) |
| 3:58 | Construir | House |
| 4:16 | Construir | Mill |
| 4:31 | Crear | Villager (Male) |
| 4:31 | Crear | Villager (Male) |
| 4:50 | Crear | Villager (Male) |
| 4:51 | Crear | Villager (Male) |
| 5:14 | Crear | Villager (Male) |
| 5:14 | Crear | Villager (Male) |
| 5:54 | Construir | House |
| 6:02 | Crear | Villager (Male) |
| 6:02 | Crear | Villager (Male) |
| 6:31 | Crear | Villager (Male) |
| 6:42 | Crear | Villager (Male) |
| 7:03 | Construir | Farm |
| 7:07 | Construir | Farm |
| 7:12 | Construir | Lumber Camp |
| 7:23 | Crear | Villager (Male) |
| 7:31 | Construir | Farm |
| 7:57 | Construir | House |
| 8:10 | Crear | Villager (Male) |
| 8:12 | Investigar | Feudal Age |
| 8:12 | Investigar | Feudal Age |
| 8:39 | Construir | Mining Camp |
| 10:07 | Crear | Villager (Male) |
| 10:07 | Crear | Villager (Male) |
| 10:55 | Edad | Edad Feudal |
| 10:57 | Construir | Market |
| 10:59 | Construir | Blacksmith |
| 11:20 | Construir | Farm |
| 11:22 | Construir | Farm |
| 11:45 | Investigar | Castle Age |
| 11:46 | Investigar | Castle Age |
| 11:57 | Investigar | Horse Collar |
| 12:04 | Construir | Farm |
| 12:47 | Investigar | Double-Bit Axe |
| 12:47 | Investigar | Double-Bit Axe |
| 13:55 | Crear | Villager (Male) |
| 14:22 | Crear | Villager (Male) |
| 14:25 | Edad | Edad de los Castillos |
| 14:27 | Construir | Town Center |
| 14:31 | Construir | Town Center |
| 14:32 | Investigar | Bow Saw |
| 14:33 | Investigar | Bow Saw |
| 14:50 | Investigar | Heavy Plow |
| 14:50 | Investigar | Heavy Plow |
| 14:54 | Crear | Villager (Male) |
| 15:00 | Construir | Farm |
| 15:31 | Construir | House |
| 15:39 | Construir | Farm |
| 15:41 | Crear | Villager (Male) |
| 15:52 | Crear | Villager (Male) |
| 15:53 | Crear | Villager (Male) |
| 16:00 | Construir | Farm |
| 16:11 | Construir | Farm |
| 16:12 | Construir | Farm |
| 16:14 | Crear | Villager (Male) |
| 16:14 | Crear | Villager (Male) |
| 16:25 | Crear | Villager (Male) |
| 16:25 | Crear | Villager (Male) |
| 16:28 | Crear | Villager (Male) |
| 16:33 | Construir | Farm |
| 16:34 | Construir | Farm |
| 16:40 | Construir | House |
| 16:41 | Crear | Villager (Male) |
| 16:51 | Construir | Farm |
| 16:52 | Construir | Farm |
| 16:58 | Crear | Villager (Male) |
| 16:58 | Crear | Villager (Male) |
| 17:02 | Construir | Farm |
| 17:07 | Construir | Farm |
| 17:14 | Construir | Farm |
| 17:14 | Crear | Villager (Male) |
| 17:16 | Construir | Farm |
| 17:23 | Construir | Farm |
| 17:25 | Construir | House |
| 17:25 | Construir | House |
| 17:26 | Crear | Villager (Male) |
| 17:27 | Crear | Villager (Male) |
| 17:37 | Construir | Farm |
| 17:39 | Construir | Farm |
| 17:42 | Construir | Farm |
| 17:44 | Crear | Villager (Male) |
| 17:45 | Crear | Villager (Male) |
| 17:53 | Crear | Villager (Male) |
| 17:54 | Crear | Villager (Male) |
| 18:06 | Crear | Villager (Male) |
| 18:06 | Crear | Villager (Male) |
| 18:06 | Crear | Villager (Male) |
| 18:14 | Construir | Town Center |
| 18:17 | Crear | Villager (Male) |
| 18:19 | Construir | Farm |
| 18:23 | Construir | House |
| 18:24 | Crear | Villager (Male) |
| 18:25 | Crear | Villager (Male) |
| 18:25 | Crear | Villager (Male) |
| 18:25 | Crear | Villager (Male) |
| 18:37 | Construir | Farm |
| 18:39 | Crear | Villager (Male) |
| 18:39 | Crear | Villager (Male) |
| 18:41 | Construir | Farm |
| 18:43 | Construir | Farm |
| 18:48 | Crear | Villager (Male) |
| 18:53 | Construir | House |
| 19:13 | Crear | Villager (Male) |
| 19:43 | Construir | Town Center |
| 19:45 | Crear | Villager (Male) |
| 19:46 | Crear | Villager (Male) |
| 19:46 | Crear | Villager (Male) |
| 19:46 | Crear | Villager (Male) |
| 19:46 | Crear | Villager (Male) |
| 19:51 | Investigar | Stone Mining |
| 19:59 | Crear | Villager (Male) |
| 19:59 | Crear | Villager (Male) |
| 19:59 | Crear | Villager (Male) |
| 20:01 | Construir | House |
| 20:03 | Construir | House |
| 20:06 | Crear | Villager (Male) |
| 20:07 | Crear | Villager (Male) |
| 20:07 | Crear | Villager (Male) |
| 20:15 | Construir | Farm |
| 20:25 | Investigar | Gold Mining |
| 20:25 | Crear | Villager (Male) |
| 20:25 | Crear | Villager (Male) |
| 20:34 | Construir | Farm |
| 20:37 | Crear | Villager (Male) |
| 20:37 | Crear | Villager (Male) |
| 20:38 | Construir | House |
| 20:39 | Construir | House |
| 20:43 | Crear | Villager (Male) |
| 20:43 | Crear | Villager (Male) |
| 20:49 | Construir | Farm |
Build order — Vpnenjoyer
Primeras 150 de 361 acciones detectadas
| 0:01 | Crear | Villager (Male) |
| 0:01 | Crear | Villager (Male) |
| 0:03 | Construir | House |
| 0:04 | Construir | House |
| 0:13 | Crear | Villager (Male) |
| 0:17 | Crear | Villager (Male) |
| 1:32 | Crear | Villager (Male) |
| 1:55 | Crear | Villager (Male) |
| 2:15 | Crear | Villager (Male) |
| 2:29 | Crear | Villager (Male) |
| 2:32 | Construir | Lumber Camp |
| 2:41 | Crear | Villager (Male) |
| 3:12 | Crear | Villager (Male) |
| 3:30 | Construir | House |
| 4:13 | Crear | Villager (Male) |
| 4:25 | Crear | Villager (Male) |
| 4:28 | Crear | Villager (Male) |
| 4:35 | Crear | Villager (Male) |
| 4:40 | Construir | House |
| 4:49 | Construir | Mill |
| 4:53 | Construir | Mill |
| 5:27 | Crear | Villager (Male) |
| 5:42 | Construir | Farm |
| 6:02 | Crear | Villager (Male) |
| 6:27 | Crear | Villager (Male) |
| 6:51 | Construir | House |
| 6:54 | Crear | Villager (Male) |
| 7:32 | Construir | Mining Camp |
| 7:33 | Crear | Villager (Male) |
| 7:36 | Crear | Villager (Male) |
| 8:05 | Investigar | Feudal Age |
| 8:05 | Investigar | Feudal Age |
| 8:11 | Construir | Farm |
| 9:21 | Construir | Farm |
| 9:32 | Crear | Villager (Male) |
| 9:33 | Crear | Villager (Male) |
| 9:44 | Construir | Farm |
| 10:29 | Crear | Villager (Male) |
| 10:33 | Edad | Edad Feudal |
| 10:36 | Construir | Market |
| 10:40 | Construir | Blacksmith |
| 11:30 | Investigar | Castle Age |
| 11:31 | Investigar | Castle Age |
| 12:02 | Investigar | Double-Bit Axe |
| 12:02 | Investigar | Double-Bit Axe |
| 12:04 | Investigar | Horse Collar |
| 12:04 | Investigar | Horse Collar |
| 12:24 | Construir | House |
| 12:25 | Construir | House |
| 13:57 | Crear | Villager (Male) |
| 14:00 | Construir | Farm |
| 14:01 | Construir | Farm |
| 14:10 | Construir | House |
| 14:10 | Edad | Edad de los Castillos |
| 14:11 | Crear | Villager (Male) |
| 14:14 | Construir | Town Center |
| 14:25 | Construir | Town Center |
| 14:39 | Investigar | Bow Saw |
| 14:39 | Investigar | Bow Saw |
| 14:55 | Crear | Villager (Male) |
| 15:12 | Crear | Villager (Male) |
| 15:19 | Construir | Farm |
| 15:32 | Crear | Villager (Male) ×3 |
| 15:32 | Crear | Villager (Male) ×3 |
| 15:41 | Construir | Farm |
| 15:41 | Construir | Farm |
| 15:45 | Crear | Villager (Male) |
| 15:46 | Crear | Villager (Male) |
| 15:53 | Construir | Farm |
| 15:59 | Construir | Farm |
| 16:00 | Construir | Farm |
| 16:02 | Investigar | Loom |
| 16:02 | Investigar | Loom |
| 16:08 | Construir | Farm |
| 16:14 | Construir | Farm |
| 16:17 | Crear | Villager (Male) |
| 16:17 | Crear | Villager (Male) |
| 16:17 | Crear | Villager (Male) |
| 16:21 | Construir | Farm |
| 16:32 | Construir | Farm |
| 16:33 | Construir | Farm |
| 16:35 | Crear | Villager (Male) |
| 16:36 | Crear | Villager (Male) |
| 16:44 | Construir | Farm |
| 16:45 | Construir | Farm |
| 16:48 | Crear | Villager (Male) |
| 16:48 | Crear | Villager (Male) |
| 16:48 | Crear | Villager (Male) |
| 16:56 | Construir | Farm |
| 17:00 | Crear | Villager (Male) |
| 17:00 | Crear | Villager (Male) |
| 17:05 | Construir | Farm |
| 17:13 | Crear | Villager (Male) |
| 17:13 | Crear | Villager (Male) |
| 17:13 | Crear | Villager (Male) |
| 17:19 | Construir | Farm |
| 17:22 | Construir | Farm |
| 17:42 | Crear | Villager (Male) ×2 |
| 17:42 | Crear | Villager (Male) ×2 |
| 17:43 | Crear | Villager (Male) ×2 |
| 17:48 | Construir | Farm |
| 17:51 | Construir | Farm |
| 17:52 | Construir | Farm |
| 17:57 | Crear | Villager (Male) ×2 |
| 17:57 | Crear | Villager (Male) ×2 |
| 18:01 | Construir | Farm |
| 18:10 | Crear | Villager (Male) |
| 18:10 | Crear | Villager (Male) |
| 18:16 | Construir | House |
| 18:16 | Construir | House |
| 18:20 | Crear | Villager (Male) ×2 |
| 18:21 | Crear | Villager (Male) ×2 |
| 18:21 | Crear | Villager (Male) |
| 18:31 | Construir | Lumber Camp |
| 18:38 | Crear | Villager (Male) |
| 18:39 | Crear | Villager (Male) |
| 18:48 | Crear | Villager (Male) ×3 |
| 18:48 | Crear | Villager (Male) ×3 |
| 18:54 | Construir | Farm |
| 18:57 | Construir | Farm |
| 19:08 | Construir | House |
| 19:09 | Construir | House |
| 19:12 | Crear | Villager (Male) |
| 19:12 | Crear | Villager (Male) |
| 19:34 | Construir | Town Center |
| 19:36 | Construir | Farm |
| 19:39 | Investigar | Wheelbarrow |
| 19:40 | Crear | Villager (Male) ×2 |
| 19:40 | Crear | Villager (Male) ×2 |
| 19:53 | Investigar | Heavy Plow |
| 19:56 | Crear | Villager (Male) ×2 |
| 20:17 | Construir | Farm |
| 20:20 | Construir | Farm |
| 20:22 | Crear | Villager (Male) ×3 |
| 20:24 | Crear | Villager (Male) |
| 20:24 | Crear | Villager (Male) |
| 20:29 | Construir | House |
| 20:30 | Construir | House |
| 20:31 | Construir | House |
| 20:32 | Construir | House |
| 20:44 | Construir | Farm |
| 20:44 | Construir | Farm |
| 20:45 | Construir | Farm |
| 20:45 | Construir | Farm |
| 20:45 | Construir | Farm |
| 20:46 | Construir | Farm |
| 20:46 | Construir | Farm |
| 20:46 | Construir | Farm |
| 20:47 | Construir | Farm |
| 20:47 | Construir | Farm |
Build order — VIT | Hera
Primeras 150 de 382 acciones detectadas
| 0:02 | Crear | Villager (Male) |
| 0:02 | Crear | Villager (Male) |
| 0:02 | Crear | Villager (Male) |
| 0:03 | Construir | House |
| 0:05 | Construir | House |
| 0:08 | Crear | Villager (Male) |
| 0:08 | Crear | Villager (Male) |
| 0:38 | Construir | Mill |
| 1:33 | Crear | Villager (Male) |
| 1:33 | Crear | Villager (Male) |
| 1:57 | Crear | Villager (Male) |
| 1:57 | Crear | Villager (Male) |
| 2:25 | Crear | Villager (Male) |
| 2:25 | Crear | Villager (Male) |
| 2:27 | Crear | Villager (Male) |
| 2:27 | Crear | Villager (Male) |
| 2:53 | Crear | Villager (Male) |
| 2:53 | Crear | Villager (Male) |
| 3:14 | Crear | Villager (Male) |
| 3:14 | Crear | Villager (Male) |
| 3:14 | Crear | Villager (Male) |
| 3:22 | Construir | House |
| 3:32 | Crear | Villager (Male) |
| 3:32 | Crear | Villager (Male) |
| 3:32 | Crear | Villager (Male) |
| 3:49 | Crear | Villager (Male) |
| 4:23 | Crear | Villager (Male) |
| 4:23 | Crear | Villager (Male) |
| 4:24 | Crear | Villager (Male) |
| 4:38 | Crear | Villager (Male) |
| 4:38 | Crear | Villager (Male) |
| 4:51 | Crear | Villager (Male) |
| 4:51 | Crear | Villager (Male) |
| 5:11 | Construir | House |
| 5:19 | Crear | Villager (Male) |
| 5:19 | Crear | Villager (Male) |
| 5:19 | Crear | Villager (Male) |
| 5:20 | Crear | Villager (Male) |
| 5:50 | Crear | Villager (Male) |
| 5:50 | Crear | Villager (Male) |
| 5:50 | Crear | Villager (Male) |
| 5:55 | Construir | Lumber Camp |
| 6:18 | Crear | Villager (Male) |
| 6:19 | Crear | Villager (Male) |
| 6:19 | Crear | Villager (Male) |
| 6:33 | Crear | Villager (Male) |
| 6:33 | Crear | Villager (Male) |
| 7:26 | Construir | Mining Camp |
| 7:32 | Investigar | Feudal Age |
| 7:33 | Investigar | Feudal Age |
| 9:35 | Crear | Villager (Male) |
| 9:42 | Edad | Edad Feudal |
| 9:44 | Construir | Market |
| 9:45 | Construir | Blacksmith |
| 10:07 | Crear | Villager (Male) |
| 10:35 | Investigar | Castle Age |
| 10:36 | Investigar | Castle Age |
| 11:15 | Investigar | Double-Bit Axe |
| 11:15 | Investigar | Double-Bit Axe |
| 11:41 | Construir | House |
| 12:10 | Investigar | Loom |
| 13:15 | Edad | Edad de los Castillos |
| 13:22 | Construir | Siege Workshop |
| 13:23 | Crear | Villager (Male) |
| 13:25 | Construir | Monastery |
| 13:28 | Investigar | Bow Saw |
| 13:28 | Investigar | Bow Saw |
| 13:34 | Investigar | Gold Mining |
| 13:34 | Investigar | Gold Mining |
| 14:00 | Crear | Villager (Male) |
| 14:09 | Crear | Monk |
| 14:09 | Crear | Armored Elephant |
| 14:21 | Construir | Monastery |
| 14:26 | Construir | Mining Camp |
| 14:29 | Crear | Villager (Male) |
| 14:43 | Crear | Armored Elephant |
| 14:44 | Crear | Armored Elephant |
| 14:58 | Crear | Monk |
| 15:01 | Construir | House |
| 15:25 | Crear | Villager (Male) |
| 15:30 | Crear | Monk |
| 15:30 | Crear | Monk |
| 15:31 | Construir | House |
| 15:42 | Crear | Villager (Male) |
| 15:43 | Crear | Villager (Male) |
| 15:54 | Construir | Farm |
| 15:55 | Construir | Farm |
| 15:59 | Construir | House |
| 16:28 | Investigar | Redemption |
| 16:28 | Investigar | Redemption |
| 16:39 | Construir | House |
| 16:44 | Crear | Villager (Male) |
| 16:54 | Investigar | Sanctity |
| 17:13 | Crear | Villager (Male) |
| 17:17 | Construir | Farm |
| 17:44 | Crear | Monk |
| 17:51 | Construir | House |
| 18:07 | Crear | Monk |
| 18:07 | Crear | Monk |
| 18:08 | Crear | Villager (Male) |
| 19:20 | Crear | Villager (Male) |
| 19:21 | Crear | Monk |
| 19:21 | Crear | Monk |
| 19:22 | Crear | Monk |
| 19:30 | Crear | Villager (Male) |
| 19:30 | Crear | Villager (Male) |
| 19:32 | Construir | Farm |
| 19:32 | Construir | Farm |
| 20:23 | Crear | Armored Elephant |
| 20:25 | Construir | Farm |
| 20:26 | Construir | Farm |
| 20:27 | Construir | Farm |
| 20:27 | Construir | Farm |
| 20:54 | Investigar | Atonement |
| 20:54 | Investigar | Atonement |
| 20:54 | Investigar | Atonement |
| 21:06 | Crear | Armored Elephant |
| 21:07 | Crear | Armored Elephant |
| 21:14 | Construir | Lumber Camp |
| 21:21 | Construir | House |
| 21:24 | Construir | House |
| 21:27 | Crear | Villager (Male) |
| 21:27 | Crear | Villager (Male) |
| 21:45 | Construir | House |
| 21:46 | Construir | House |
| 22:04 | Crear | Monk |
| 22:04 | Crear | Monk |
| 22:10 | Crear | Villager (Male) |
| 22:10 | Crear | Villager (Male) |
| 22:56 | Crear | Villager (Male) |
| 23:02 | Construir | Town Center |
| 23:56 | Crear | Villager (Male) |
| 24:26 | Construir | Farm |
| 24:31 | Construir | Palisade Wall |
| 24:43 | Construir | Farm |
| 24:43 | Construir | Farm |
| 24:44 | Construir | Farm |
| 24:44 | Construir | Farm |
| 24:44 | Construir | Farm |
| 24:44 | Construir | Farm |
| 24:52 | Construir | House |
| 24:59 | Construir | Farm |
| 25:00 | Construir | Farm |
| 25:01 | Construir | Farm |
| 25:03 | Construir | Farm |
| 25:05 | Construir | Farm |
| 25:08 | Construir | Farm |
| 25:14 | Crear | Villager (Male) |
| 25:15 | Construir | Farm |
| 26:55 | Crear | Villager (Male) |
Build order — 明征北大将军
Primeras 150 de 254 acciones detectadas
| 0:01 | Crear | Villager (Male) |
| 0:01 | Crear | Villager (Male) |
| 0:03 | Construir | House |
| 0:04 | Construir | House |
| 0:17 | Crear | Villager (Male) |
| 0:17 | Crear | Villager (Male) |
| 1:33 | Crear | Villager (Male) |
| 2:02 | Construir | Lumber Camp |
| 2:07 | Crear | Villager (Male) |
| 2:07 | Crear | Villager (Male) |
| 2:50 | Crear | Villager (Male) |
| 2:50 | Crear | Villager (Male) |
| 3:31 | Crear | Villager (Male) |
| 3:39 | Construir | House |
| 4:12 | Crear | Villager (Male) |
| 4:12 | Crear | Villager (Male) |
| 4:46 | Crear | Villager (Male) |
| 5:04 | Crear | Villager (Male) |
| 5:30 | Construir | Mill |
| 5:42 | Construir | House |
| 5:43 | Crear | Villager (Male) |
| 6:20 | Crear | Villager (Male) |
| 6:20 | Crear | Villager (Male) |
| 6:52 | Crear | Villager (Male) |
| 7:11 | Crear | Villager (Male) |
| 7:35 | Crear | Villager (Male) |
| 7:49 | Crear | Villager (Male) |
| 8:31 | Crear | Villager (Male) |
| 8:38 | Construir | Mining Camp |
| 8:45 | Investigar | Feudal Age |
| 9:07 | Construir | Farm |
| 9:10 | Construir | Farm |
| 9:34 | Construir | House |
| 10:24 | Construir | House |
| 11:00 | Edad | Edad Feudal |
| 11:03 | Construir | Market |
| 11:05 | Construir | Blacksmith |
| 11:13 | Crear | Villager (Male) |
| 11:14 | Crear | Villager (Male) |
| 11:44 | Construir | Mining Camp |
| 11:53 | Investigar | Castle Age |
| 13:29 | Construir | Lumber Camp |
| 14:02 | Investigar | Loom |
| 14:02 | Crear | Villager (Male) |
| 14:03 | Crear | Villager (Male) |
| 14:06 | Investigar | Double-Bit Axe |
| 14:07 | Investigar | Horse Collar |
| 14:43 | Edad | Edad de los Castillos |
| 14:44 | Construir | Farm |
| 14:51 | Construir | Farm |
| 14:53 | Construir | Farm |
| 14:58 | Construir | Town Center |
| 15:44 | Crear | Villager (Male) |
| 15:47 | Crear | Villager (Male) |
| 16:01 | Construir | Siege Workshop |
| 16:09 | Construir | Farm |
| 16:18 | Construir | Farm |
| 16:37 | Crear | Villager (Male) |
| 16:41 | Construir | Farm |
| 16:44 | Construir | Farm |
| 16:44 | Construir | Farm |
| 16:45 | Construir | Farm |
| 16:48 | Crear | Villager (Male) |
| 17:25 | Construir | Barracks |
| 17:29 | Construir | Palisade Wall |
| 17:31 | Construir | Palisade Wall |
| 17:36 | Crear | Villager (Male) |
| 17:37 | Crear | Villager (Male) |
| 17:39 | Crear | Villager (Male) |
| 17:51 | Construir | Farm |
| 17:52 | Construir | Farm |
| 17:58 | Construir | Farm |
| 18:17 | Construir | Farm |
| 18:21 | Crear | Armored Elephant |
| 18:33 | Construir | Barracks |
| 18:35 | Crear | Villager (Male) |
| 18:43 | Construir | Farm |
| 18:49 | Construir | Farm |
| 18:54 | Investigar | Man-at-Arms (upgrade) |
| 18:55 | Crear | Militia |
| 19:14 | Crear | Villager (Male) |
| 19:33 | Crear | Militia |
| 19:34 | Investigar | Gambesons |
| 19:35 | Crear | Militia |
| 19:35 | Crear | Militia |
| 19:39 | Construir | House |
| 19:41 | Construir | House |
| 19:59 | Crear | Villager (Male) |
| 20:02 | Construir | House |
| 20:07 | Construir | Farm |
| 20:13 | Construir | Farm |
| 20:20 | Investigar | Long Swordsman (upgrade) |
| 20:20 | Crear | Militia |
| 20:21 | Crear | Militia |
| 20:26 | Construir | House |
| 20:28 | Construir | House |
| 20:45 | Construir | Archery Range |
| 20:48 | Crear | Villager (Male) |
| 20:48 | Crear | Villager (Male) |
| 20:53 | Construir | Farm |
| 20:54 | Crear | Villager (Male) |
| 20:55 | Crear | Villager (Male) |
| 21:14 | Crear | Villager (Male) |
| 21:27 | Crear | Militia |
| 21:27 | Crear | Militia |
| 21:51 | Crear | Villager (Male) |
| 21:51 | Crear | Villager (Male) |
| 21:52 | Crear | Villager (Male) |
| 21:54 | Crear | Militia |
| 21:55 | Crear | Militia |
| 22:08 | Crear | Mangonel |
| 22:16 | Construir | Castle |
| 22:17 | Crear | Villager (Male) |
| 22:44 | Crear | Villager (Male) |
| 22:45 | Crear | Villager (Male) |
| 22:45 | Crear | Villager (Male) |
| 22:48 | Crear | Militia |
| 22:48 | Crear | Militia |
| 23:36 | Crear | Militia |
| 23:36 | Crear | Militia |
| 23:37 | Crear | Militia |
| 23:46 | Construir | Stone Wall |
| 23:47 | Construir | Stone Wall |
| 23:50 | Construir | Stone Wall |
| 23:56 | Crear | Militia |
| 23:56 | Crear | Militia |
| 23:56 | Crear | Militia |
| 23:57 | Crear | Militia |
| 23:57 | Crear | Villager (Male) |
| 23:58 | Crear | Villager (Male) |
| 24:00 | Crear | Archer |
| 24:01 | Crear | Archer |
| 24:01 | Crear | Archer |
| 24:01 | Crear | Archer |
| 24:23 | Crear | Villager (Male) |
| 24:24 | Crear | Militia |
| 24:24 | Crear | Militia |
| 24:24 | Crear | Militia |
| 24:30 | Construir | Farm |
| 24:31 | Construir | Farm |
| 24:32 | Construir | Farm |
| 24:51 | Crear | Elephant Archer |
| 24:51 | Crear | Elephant Archer |
| 24:59 | Crear | Armored Elephant |
| 24:59 | Crear | Armored Elephant |
| 25:01 | Crear | Villager (Male) |
| 25:01 | Crear | Villager (Male) |
| 25:05 | Construir | Farm |
| 25:36 | Crear | Villager (Male) |
| 25:37 | Crear | Villager (Male) |
Cronología de la partida
| 9:42 | VIT | Hera · age_up feudal |
| 10:20 | OM4R7 · age_up feudal |
| 10:22 | 六六六 · first_building Barracks |
| 10:33 | Vpnenjoyer · age_up feudal |
| 10:55 | Kinder · age_up feudal |
| 10:57 | JB · age_up feudal |
| 11:00 | 明征北大将军 · age_up feudal |
| 11:18 | OM4R7 · first_market_buy 100 food |
| 11:18 | OM4R7 · first_market_sell 100 wood |
| 11:46 | 六六六 · age_up feudal |
| 11:48 | 六六六 · first_building Stable |
| 13:15 | VIT | Hera · age_up castle |
| 13:22 | VIT | Hera · first_building Siege Workshop |
| 13:25 | VIT | Hera · first_building Monastery |
| 14:03 | OM4R7 · age_up castle |
| 14:10 | Vpnenjoyer · age_up castle |
| 14:25 | Kinder · age_up castle |
| 14:38 | JB · age_up castle |
| 14:38 | JB · wall_segment Stone Wall x4 |
| 14:41 | JB · wall_segment Stone Wall x5 |
| 14:43 | VIT | Hera · first_market_buy 100 food |
| 14:43 | 明征北大将军 · age_up castle |
| 14:49 | JB · first_building Siege Workshop |
| 14:57 | VIT | Hera · first_market_sell 100 stone |
| 15:02 | Vpnenjoyer · first_market_buy 100 stone |
| 15:05 | JB · first_building Monastery |
| 15:22 | 六六六 · age_up castle |
| 16:01 | 明征北大将军 · first_building Siege Workshop |
| 16:40 | JB · first_market_sell 100 food |
| 17:03 | HousedAt15 · first_market_buy 100 stone |
| 17:25 | 明征北大将军 · first_building Barracks |
| 17:29 | 明征北大将军 · wall_segment Palisade Wall x1 |
| 17:31 | 明征北大将军 · wall_segment Palisade Wall x1 |
| 17:33 | Kinder · first_market_buy 100 wood |
| 20:45 | 六六六 · first_building Monastery |
| 20:45 | 明征北大将军 · first_building Archery Range |
| 21:30 | OM4R7 · first_building Monastery |
| 22:16 | 明征北大将军 · first_building Castle |
| 22:20 | OM4R7 · first_building Siege Workshop |
| 22:54 | JB · first_market_buy 100 wood |
| 23:03 | Kinder · first_building Castle |
| 23:22 | HousedAt15 · first_building Monastery |
| 23:46 | 明征北大将军 · wall_segment Stone Wall x1 |
| 23:47 | 明征北大将军 · wall_segment Stone Wall x1 |
| 23:50 | 明征北大将军 · wall_segment Stone Wall x1 |
| 24:31 | VIT | Hera · wall_segment Palisade Wall x1 |
| 24:38 | Vpnenjoyer · first_building Monastery |
| 25:16 | OM4R7 · first_building Castle |
| 25:24 | Vpnenjoyer · first_building Barracks |
| 25:25 | HousedAt15 · first_building Barracks |
| 25:48 | HousedAt15 · first_building Archery Range |
| 25:58 | Kinder · first_building Barracks |
| 26:44 | HousedAt15 · first_building Castle |
| 27:00 | Vpnenjoyer · first_market_sell 100 food |
| 27:08 | Vpnenjoyer · first_building Castle |
| 27:19 | Kinder · first_market_sell 100 wood |
| 27:32 | 六六六 · first_building Castle |
| 27:51 | Kinder · age_up imperial |
| 28:07 | 明征北大将军 · first_market_buy 100 stone |
| 28:18 | OM4R7 · age_up imperial |
| 28:31 | Vpnenjoyer · age_up imperial |
| 28:34 | JB · first_building Castle |
| 29:10 | 六六六 · first_building Archery Range |
| 30:18 | JB · wall_segment Stone Wall x1 |
| 30:28 | Kinder · first_building Archery Range |
| 30:31 | 六六六 · age_up imperial |
| 30:43 | OM4R7 · wall_segment Stone Wall x1 |
| 31:32 | HousedAt15 · first_building Siege Workshop |
| 31:43 | Kinder · first_building Siege Workshop |
| 31:46 | Vpnenjoyer · first_building Siege Workshop |
| 32:07 | JB · first_building Barracks |
| 32:43 | OM4R7 · wall_segment Stone Wall x1 |
| 33:34 | OM4R7 · first_building Barracks |
| 34:03 | JB · first_building Archery Range |
| 34:48 | OM4R7 · first_building Archery Range |
| 35:38 | 六六六 · first_market_sell 100 food |
| 36:25 | VIT | Hera · first_building Barracks |
| 37:10 | VIT | Hera · age_up imperial |
| 37:13 | VIT | Hera · first_building Stable |
| 37:14 | HousedAt15 · tribute_sent a jugador 2 |
| 37:14 | HousedAt15 · tribute_sent a jugador 3 |
| 37:14 | HousedAt15 · tribute_sent a jugador 4 |
| 37:14 | HousedAt15 · tribute_sent a jugador 5 |
| 37:14 | HousedAt15 · tribute_sent a jugador 6 |
| 37:14 | HousedAt15 · tribute_sent a jugador 7 |
| 37:14 | HousedAt15 · tribute_sent a jugador 8 |
| 37:57 | 六六六 · first_building Siege Workshop |
| 37:58 | VIT | Hera · first_building Castle |
| 38:32 | HousedAt15 · tribute_sent a jugador 2 |
| 38:32 | HousedAt15 · tribute_sent a jugador 3 |
| 38:32 | HousedAt15 · tribute_sent a jugador 4 |
| 38:32 | HousedAt15 · tribute_sent a jugador 5 |
| 38:32 | HousedAt15 · tribute_sent a jugador 6 |
| 38:32 | HousedAt15 · tribute_sent a jugador 7 |
| 38:32 | HousedAt15 · tribute_sent a jugador 8 |
| 38:38 | JB · age_up imperial |
| 38:54 | HousedAt15 · first_market_sell 100 stone |
| 39:59 | HousedAt15 · tribute_sent a jugador 2 |
| 39:59 | HousedAt15 · tribute_sent a jugador 3 |
| 39:59 | HousedAt15 · tribute_sent a jugador 4 |
| 39:59 | HousedAt15 · tribute_sent a jugador 5 |
| 39:59 | HousedAt15 · tribute_sent a jugador 6 |
| 39:59 | HousedAt15 · tribute_sent a jugador 7 |
| 39:59 | HousedAt15 · tribute_sent a jugador 8 |
| 40:05 | Kinder · resign |
[ ANÁLISIS IA · 1 CRÉDITO ]
¿Qué pasó realmente en esta partida?
Wolo.gg analiza cada decisión: build order, eco, micro, errores típicos por bracket. Análisis personalizado por WhatsApp o Discord en 30 segundos.
Guía civ
Bereberes
Perfil
Jugador #17475124